 Dungeon Crawl Stone Soup version 0.31.0-32-g396128a36d (webtiles) character file.

Game seed: 15279538497142143554

249 AdnanSaban the Cudgeller (level 6, -1/38 HPs)
             Began as a Gargoyle Fighter on Apr 14, 2024.
             Slain by a goblin
             ... wielding a +0 dagger
             ... led by Robin
              (3 damage)
             ... on level 3 of the Dungeon.
             The game lasted 00:03:37 (2765 turns).

AdnanSaban the Cudgeller (Gargoyle Fighter)         Turns: 2765, Time: 00:03:38

Health: -1/38      AC: 11    Str: 21    XL:     6   Next: 12%
Magic:  6/6        EV:  9    Int:  9    God:
Gold:   57         SH:  4    Dex:  9    Spells: 5/5 levels left

rFire   . . .        a - +0 flail
rCold   . . .        c - +0 buckler
rNeg    + . .        b - +0 scale mail
rPois   ∞            (no helmet)
rElec   +            (no cloak)
rCorr   .            (no gloves)
SInv    .            (no boots)
Will    .....        (no amulet) Stlth
                     (no ring)
HPRegen 0.26/turn    (no ring)
MPRegen 0.10/turn

%: no passive effects
@: mighty
A: sickness immunity, AC +4, negative energy resistance 1, electricity
resistance, torment resistance 1, petrification resistance
a: no special abilities


You were on level 3 of the Dungeon.
You visited 1 branch of the dungeon, and saw 3 of its levels.
You also visited: Sewer.

You collected 57 gold pieces.

Inventory:

Hand Weapons
 a - a +0 flail (weapon)
Missiles
 k - a curare-tipped dart
 q - 8 poisoned darts (quivered)
Armour
 b - a +0 scale mail (worn)
 c - a +0 buckler (worn)
Jewellery
 v - a ring of ice
Scrolls
 e - a scroll of fog {unknown}
 f - 2 scrolls of identify {unknown}
 g - 2 scrolls of teleportation {unknown}
 h - a scroll of fear {unknown}
 j - 2 scrolls of revelation {unknown}
 s - a scroll of enchant armour {unknown}
 t - a scroll of poison {unknown}
 u - a scroll of brand weapon {unknown}
Potions
 d - 2 potions of might
 i - 3 potions of haste {unknown}
 l - a potion of resistance {unknown}
 m - a potion of heal wounds {unknown}
 n - 2 potions of mutation {unknown}
 o - a potion of enlightenment {unknown}
 p - a potion of magic {unknown}
 r - a potion of invisibility {unknown}


   Skills:
 + Level 4.1 Fighting
 + Level 4.6 Maces & Flails
 + Level 0.1 Throwing
 + Level 4.0 Armour
 + Level 0.9 Dodging
 + Level 3.9 Shields


You had 5 spell levels left.
You didn't know any spells.
Your spell library was empty.

Dungeon Overview and Level Annotations

Branches:
Dungeon (3/15)              Sewer (visited)

Altars:
Nemelex Xobeh
Xom

Annotations:
D:3 Robin


Innate Abilities, Weirdness & Mutations

You are immune to sickness and miasma.
Your stone body is resilient. (AC +4)
You are immune to poison.
You resist negative energy. (rN+)
You are resistant to electric shocks. (rElec)
You are resistant to unholy torment.
You are immune to petrification.


Message History

You sock the goblin!
You kill the goblin!
The hobgoblin no longer looks unusually strong.
The goblin barely misses you.
The hobgoblin hits you but does no damage.
The goblin hits you but does no damage. The goblin attacks as it pursues you!
The goblin hits you but does no damage.
Items here: ))) †.
You sock the goblin!
You kill the goblin!
You hit the hobgoblin.
The hobgoblin is almost dead.
The goblin no longer looks unusually strong.
You block the hobgoblin's attack.
Robin says, "My army is invincible!"
Robin roars a battlecry!
The goblins go into a battle-frenzy!
You closely miss the hobgoblin.
The hobgoblin is almost dead.
The hobgoblin barely misses you.
The hobgoblin hits you but does no damage.
You sock the hobgoblin!
You kill the hobgoblin!
Robin throws the goblin at you!
You closely miss the goblin.
The hobgoblin hits you but does no damage.
You block the goblin's attack.
You barely miss the goblin. The hobgoblin closely misses you.
The goblin closely misses you.
You barely miss the goblin.
The hobgoblin hits you but does no damage.
The goblin closely misses you. The hobgoblin completely misses you.
Robin says, "Feeling lonely?"
The goblin hits you but does no damage.
You closely miss the goblin. The hobgoblin hits you.
* * * LOW HITPOINT WARNING * * *
The goblin barely misses you.
You closely miss the goblin. You block the hobgoblin's attack.
The goblin hits you with a +0 dagger.
You die...

#...#G#....... #.#...#
#...###...... #.##..# .
............ #......
...._...... . ##...).
........).#'# #.....
###. #.#.# #..... #G#..
#)..#######.....
###...###)..............
.......@gg...#####......
#####.g##.....####......
#...##...##....####.
#.#.................
#...###..##....###.. ###
#..#####.# .. #..# #.#
#.. #... ..# #.. #.###
### #..


You could see an eye of devastation, Robin, a hobgoblin (strong) and a goblin
(strong).

Vanquished Creatures
  A kobold brigand (Sewer)
  10 adders
  A dart slug (D:2)
  2 ribbon worms
  3 bats
  4 endoplasms
  A giant cockroach (D:2)
  14 goblins
  7 hobgoblins
  4 jackals (D:2)
  10 kobolds
  A quokka (D:1)
  5 ball pythons
  5 frilled lizards
  12 rats
80 creatures vanquished.

Notes
Turn   | Place    | Note
-------+----------+-------------------------------------------
     0 | D:1      | AdnanSaban the Gargoyle Fighter began the quest for the
                  | Orb.
     0 | D:1      | Reached XP level 1. HP: 14/14 MP: 1/1
   261 | D:1      | Reached XP level 2. HP: 13/19 MP: 2/2
   976 | D:2      | Reached XP level 3. HP: 23/23 MP: 3/3
  1266 | D:2      | Reached XP level 4. HP: 29/29 MP: 4/4
  1775 | D:3      | Found a glowing drain.
  1843 | Sewer    | Entered a sewer
  1856 | Sewer    | Reached XP level 5. HP: 14/33 MP: 5/5
  2011 | Sewer    | Noticed a kobold brigand
  2035 | Sewer    | Killed a kobold brigand
  2288 | Sewer    | Reached XP level 6. HP: 38/38 MP: 6/6
  2512 | D:3      | Found a faded altar of an unknown god.
  2517 | D:3      | Found a shimmering altar of Xom.
  2693 | D:3      | Found a sparkling altar of Nemelex Xobeh.
  2728 | D:3      | Noticed a glass eye
  2730 | D:3      | Found a faded altar of an unknown god.
  2730 | D:3      | Noticed Robin
  2749 | D:3      | Noticed an eye of devastation
  2765 | D:3      | Slain by a goblin

Illustrated notes

Levels and vault maps discovered:
D:1:      minmay_arrival_doors, layout_basic, hangedman_decor_lopped,
          minmay_misc_feat_square
D:2:      layout_basic, serial_glass, glass_columns_b, glass_columns_a,
          grunt_ministairs_9, st_stairs_1, nrook_mini_backslash
D:3:      layout_loops_corners, mainiacjoe_overflow_catwalk,
          nicolae_overflow_ecumenical_swirl,
          hellmonk_ecumenical_altar_watching_god, cheibrodos_sewer_entry_bend,
          uniq_jessica, uniq_robin

Skill      XL: |  1  2  3  4  5 |
---------------+----------------+-----
Maces & Flails | 3 4 |  4.6
Fighting       | 4 |  4.1
Armour         | 4 |  4.0
Throwing       | |  0.1
Dodging        | |  0.9
Shields        | |  3.9

Action                     |  1- 3 |  4- 6 || total
---------------------------+-------+-------++-------
  Melee: Flail             |   100 |   269 ||   369
  Throw: Dart              |       |     8 ||     8
    Use: Potion            |       |     1 ||     1
 Armour: Scale mail        |    79 |   240 ||   319
  Dodge: Dodged            |    39 |   134 ||   173
  Block: Buckler           |    12 |    65 ||    77
